 Dungeon Crawl Stone Soup version 0.27-a0-789-g6bb3289e1e (webtiles) character file.

Game seed: 13897765597965374262

210 pokeman the Magician (level 5, 0/29 HPs)
             Began as a Deep Elf Hedge Wizard on Mar 26, 2021.
             Slain by a gnoll
             ... wielding a +0 halberd
              (8 damage)
             ... on level 4 of the Dungeon.
             The game lasted 00:07:45 (4543 turns).

pokeman the Magician (Deep Elf Hedge Wizard)        Turns: 4543, Time: 00:07:46

Health: 0/29       AC:  5    Str:  7    XL:     5   Next: 56%
Magic:  12/15      EV: 12    Int: 20    God:
Gold:   69         SH:  0    Dex: 14    Spells: 5/16 levels left

rFire    . . .     SeeInvis .   i - +5 dagger (venom)
rCold    + . .     Faith    .   (no shield)
rNeg     + . .     Spirit   .   o - +0 leather armour
rPois    .         Reflect  .   b - +1 helmet
rElec    .         Harm     .   (no cloak)
rCorr    .         Rampage  .   (no gloves)
Will     .....                  (no boots)
Stlth    ++........             (no amulet)
HPRegen  0.09/turn              f - ring of positive energy
MPRegen  0.14/turn              q - ring of protection from cold

@: lethally poisoned (0 -> -8)
A: no striking features
a: no special abilities


You were on level 4 of the Dungeon.
You visited 1 branch of the dungeon, and saw 4 of its levels.

You collected 209 gold pieces.
You spent 140 gold pieces at shops.

Inventory:

Hand Weapons
 i - a +5 dagger of venom (weapon)
Missiles
 a - 55 arrows
Armour
 b - a +1 helmet (worn)
 g - a +0 tower shield
 o - a +0 leather armour (worn)
Jewellery
 f - a ring of positive energy (right hand)
 q - a ring of protection from cold (left hand)
Wands
 c - a wand of digging (7)
Scrolls
 d - a scroll of blinking {unknown}
 e - 4 scrolls of magic mapping
 j - a scroll of holy word {unknown}
 k - a scroll of silence {unknown}
 l - 2 scrolls of identify
 m - a scroll of teleportation
 p - 2 scrolls of amnesia {unknown}
Potions
 h - 2 potions of curing {unknown}
 n - a potion of haste {unknown}
 r - 2 potions of flight {unknown}
 s - a potion of attraction {unknown}


   Skills:
 - Level 1.0 Fighting
 - Level 1.0 Armour
 - Level 3.0 Dodging
 + Level 2.8 Stealth
 - Level 1.0 Shields
 * Level 6.4 Spellcasting
 + Level 2.9 Conjurations
 - Level 1.1 Summonings
 - Level 1.1 Translocations
 + Level 0.3 Fire Magic


You had 5 spell levels left.
You knew the following spells:

 Your Spells              Type           Power      Damage    Failure   Level
a - Magic Dart            Conj           72%        1d6       4%          1
b - Mephitic Cloud        Conj/Pois/Air  10%        N/A       30%         3
c - Call Imp              Summ           10%        N/A       14%         2
d - Blink                 Tloc           N/A        N/A       14%         2
e - Conjure Flame         Conj/Fire      12%        6-21      22%         3

Your spell library contained the following spells:

 Spells                   Type           Power      Damage    Failure   Level
 Slow                     Hex            6%         N/A       22%         2
 Gell's Gravitas          Tloc           5%         N/A       28%         3
 Confusing Touch          Hex            6%         N/A       41%         3
 Petrify                  Tmut/Erth      6%         N/A       82%         4
 Metabolic Englaciation   Hex/Ice        3%         N/A       99%         5
 Yara's Violent Unravell  Hex/Tmut       3%         3d4       99%         5


Dungeon Overview and Level Annotations

Branches:
Dungeon (4/15)
 Temple: D:4-7

Altars:
Trog

Shops:
D:1 ?   D:3 (


Message History

Press: ? - help, Shift-Dir - straight line, f - gnoll
Aim: a gnoll, wielding a +0 club (chance to affect: 91%)
The ball explodes into a vile cloud!
The stinking cloud engulfs the gnoll but does no damage. x3
The stinking cloud engulfs the gnoll sergeant but does no damage.
The gnoll is engulfed in noxious fumes.
The gnoll appears confused.
The gnoll is engulfed in noxious fumes.
The gnoll appears confused.
Unknown command.
Unknown command.
The gnoll hits the gnoll with a +0 club.
The gnoll sergeant is engulfed in noxious fumes.
The gnoll sergeant appears confused.
The gnoll sergeant closely misses you.
The gnoll is engulfed in noxious fumes.
The gnoll appears confused.
The gnoll hits the gnoll with a +0 spear.
There is an open door here.
Unknown command.
Unknown command.
You barely miss the gnoll sergeant.
The gnoll is engulfed in noxious fumes.
The gnoll appears confused.
You kill the gnoll!
The gnoll hits you but does no damage.
The gnoll sergeant is engulfed in noxious fumes.
The gnoll sergeant appears confused.
The gnoll sergeant hits the gnoll but does no damage.
The gnoll is engulfed in noxious fumes.
The gnoll appears confused.
The gnoll closely misses you.
You hit the gnoll sergeant.
The gnoll sergeant is lightly wounded.
The gnoll barely misses you.
The gnoll hits the gnoll with a +0 club!
The gnoll sergeant is engulfed in noxious fumes.
The gnoll sergeant hits you with a +2 spear of venom!
You are poisoned.
The gnoll is engulfed in noxious fumes.
The gnoll appears confused.
You hit the gnoll sergeant.
The gnoll sergeant is poisoned.
The gnoll sergeant is moderately wounded.
* * * LOW HITPOINT WARNING * * *
You feel extremely sick.
The gnoll hits you from afar with a +0 halberd!
You die...

#.# ###.##
#....#
####.##.#
#≈≈≈≈≈≈≈≈≈.#
#≈##≈≈≈##≈.#
######≈.#
#gg°#≈≈.#
#[g)@...#
#..g#≈≈##
######≈# #≈#
≈≈# ###


You could see a gnoll sergeant (confused, very poisoned) and 3 gnolls.

Vanquished Creatures
  An orc priest (D:3)
  2 orc wizards (D:3)
  A gnoll (D:4)
  2 adders
  4 worms
  A dart slug (D:2)
  10 orcs (D:3)
  2 ball pythons
  6 bats
  10 endoplasms
  3 giant cockroaches
  10 hobgoblins
  4 jackals (D:2)
  6 kobolds
  3 frilled lizards
  8 goblins
  11 rats
84 creatures vanquished.

Notes
Turn   | Place    | Note
-------+----------+-------------------------------------------
     0 | D:1      | pokeman the Deep Elf Hedge Wizard began the quest for the
                  | Orb.
     0 | D:1      | Reached XP level 1. HP: 10/10 MP: 7/7
   304 | D:1      | Found Pilaol's Magic Scroll Boutique.
   549 | D:1      | Reached XP level 2. HP: 15/15 MP: 7/9
  1478 | D:1      | Bought a scroll of magic mapping for 35 gold pieces
  1609 | D:2      | Reached skill level 5 in Spellcasting
  1760 | D:2      | Reached XP level 3. HP: 20/20 MP: 5/11
  1764 | D:2      | Learned a level 3 spell: Mephitic Cloud
  1767 | D:2      | Learned a level 2 spell: Call Imp
  1770 | D:2      | Learned a level 2 spell: Blink
  1774 | D:2      | Learned a level 3 spell: Conjure Flame
  2050 | D:2      | Reached skill level 1 in Armour
  2314 | D:2      | Noticed a moth of wrath
  2317 | D:2      | Found a bloodstained altar of Trog.
  2348 | D:2      | Reached skill level 1 in Fighting
  2734 | D:2      | Reached XP level 4. HP: 25/25 MP: 6/13
  3010 | D:1      | Bought a scroll of magic mapping for 35 gold pieces
  3010 | D:1      | Bought a scroll of identify for 20 gold pieces
  3010 | D:1      | Bought a scroll of teleportation for 30 gold pieces
  3010 | D:1      | Bought a scroll of identify for 20 gold pieces
  3440 | D:3      | Found Ilirghyje's Weapon Shop.
  3692 | D:3      | Reached skill level 6 in Spellcasting
  3692 | D:3      | Reached XP level 5. HP: 27/29 MP: 13/15
  3714 | D:3      | Reached skill level 1 in Shields
  4543 | D:4      | Slain by a gnoll

Illustrated notes

Levels and vault maps discovered:
D:1:      dpeg_arrival_water_fire, layout_basic, serial_shops, shop
D:2:      layout_loops_ring, tgw_trog
D:3:      layout_basic, serial_shops, shop, minmay_randomly_rotated_circles
D:4:      layout_basic, fountainhead, lightli_minifort

Skill      XL: |  1  2  3  4  5 |
---------------+----------------+-----
Spellcasting   | 5 6 |  6.4
Armour         | 1 |  1.0
Conjurations   | 2 |  2.9
Fighting       | 1 |  1.0
Dodging        | 3 |  3.0
Shields        | 1 |  1.0
Stealth        | |  2.8
Summonings     | |  1.1
Translocations | |  1.1
Fire Magic     | |  0.3

Action                   |  1- 3 |  4- 6 || total
-------------------------+-------+-------++-------
Melee: Dagger            |    27 |    39 ||    66
 Cast: Magic Dart        |    84 |    59 ||   143
       Mephitic Cloud    |     2 |     4 ||     6
 Stab: Sleeping          |     1 |       ||     1
Armor: Robe              |     2 |     3 ||     5
       Leather armour    |       |     8 ||     8
Dodge: Dodged            |    21 |    25 ||    46

Table legend: (Time is in decaauts)
 A = Elapsed time spent in this place.
 B = Non-inter-level travel time spent in this place.
 C = Inter-level travel time spent in this place.
 D = Time resting spent in this place.
 E = Time spent auto-exploring this place.
 F = Levels seen in this place.
 G = Mean time per level.
                   A        B        C        D        E       F      G
               +--------+--------+--------+--------+--------+-----+--------+
         Total |   4547 |   4273 |    274 |      0 |   3802 |   4 | 1136.8 |
       Dungeon |   4547 |   4273 |    274 |      0 |   3802 |   4 | 1136.8 |
               +--------+--------+--------+--------+--------+-----+--------+

Top non-repeatable levels by time:
     D:1: 1617 daAuts
     D:3: 1450 daAuts
     D:2: 1426 daAuts
     D:4: 53 daAuts
